 Dungeon Sprint DCSS version 0.20-a0-1006-ge6c5631 (webtiles) character file.

770 Roshambo the Basher (level 7, 0/96 HPs)
             Began as a Demonspawn Berserker on Apr 14, 2017.
             Was an Elder of Trog.
             Killed from afar by an orc wizard (3 damage)
             ... with a magic dart
             ... in the Dungeon (Sprint IX: "|||||||||||||||||||||||||||||").
             The game lasted 00:00:53 (314 turns).

Roshambo the Basher (Demonspawn Berserker)           Turns: 314, Time: 00:00:54

Health: 0/96       AC: 18    Str: 25    XL:     7   Next: 52%
Magic:  0/7        EV: 14    Int:  8    God:    Trog [****..]
Gold:   0          SH:  0    Dex: 15    Spells: 6/6 levels left

rFire    . . .     SeeInvis .   s - +2 dire flail (protect)
rCold    . . .     Gourm    .   (shield currently unavailable)
rNeg     . . .     Faith    .   p - +2 ring mail
rPois    .         Spirit   +   r - +0 helmet
rElec    .         Reflect  .   q - +0 cloak
rCorr    .         Harm     .   (no gloves)
MR       .....     NoTele   +   (no boots)
Stlth    ..........             (no amulet)
Regen    0.3/turn               o - +3 ring of dexterity
MPRegen  0.1/turn               n - +2 ring of protection

@: berserking (expiring), protection aura, very quick
A: claws 1, hooves 1, demonic guardian 1, magic shield
a: Berserk, Trog's Hand, Brothers in Arms, Burn Spellbooks, Renounce Religion


You were in the Dungeon.
You worshipped Trog.
Trog was greatly pleased with you.
You were hungry.

You visited 1 branch

Inventory:

Hand Weapons
 s - a +2 dire flail of protection (weapon)
Missiles
 j - 2 steel javelins (quivered)
Armour
 b - a +0 animal skin
 p - a +2 ring mail (worn)
 q - a +0 cloak (worn)
 r - a +0 helmet (worn)
Jewellery
 n - a +2 ring of protection (right claw)
 o - a +3 ring of dexterity (left claw)
Wands
 m - a wand of lightning (7/15)
Scrolls
 i - 2 scrolls of blinking
 l - 3 scrolls of remove curse
Potions
 d - 5 potions of curing
 e - 3 potions of heal wounds
 f - a potion of haste
 g - 4 potions of magic
 h - a potion of berserk rage
 k - a potion of invisibility
Comestibles
 c - a bread ration


   Skills:
 + Level 9.6 Fighting
 + Level 11.5 Maces & Flails
 + Level 3.1 Armour
 + Level 5.5 Dodging


You had 6 spell levels left.
You didn't know any spells.

Dungeon Overview and Level Annotations

Branches:
Dungeon (1/1)

Altars:
Cheibriados
Dithmenos
Elyvilon
Fedhas
Gozag
Hepliaklqana
Kikubaaqudgha
Makhleb
Nemelex Xobeh
Okawaru
Qazlal
Ru
Sif Muna
Trog
Uskayaw
Vehumet
Wu Jian
Xom
Yredelemnul
Zin
The Shining One
Beogh
Jiyva
Lugonu


Innate Abilities, Weirdness & Mutations

You have sharp fingernails.
You have large cloven feet.
A weak demonic guardian rushes to your aid.
When hurt, damage is shared between your health and your magic reserves.


Message History

Your Dodging skill gained 3 levels and is now at level 5!
You have reached level 5!
You feel monstrous as your demonic heritage exerts itself.
Your demonic ancestry asserts itself...
Your feet thicken and deform.
You have reached level 6!
Your experience leads to an increase in your attributes!
Your base attributes are Str 19, Int 8, Dex 12.
Increase (S)trength, (I)ntelligence, or (D)exterity?
You feel stronger.
Your demonic ancestry asserts itself...
Your fingernails lengthen.
You have reached level 7!
Something hits you but does no damage.
Items here: ))) [ † a giant club; a giant spiked club; a halberd; a robe; a two-headed ogre corpse You closely miss something.
You kick something.
You hear some strange, mumbled words.
A magic dart appears from out of thin air!
The magic dart hits you!
You die... ▓▓▓▓▓▓▓▓▓▓▓▓▓▓▓▓▓▓▓▓▓▓▓ +..Y{{@5.....)|?.'_____ ▓▓▓▓▓▓▓▓▓▓▓▓▓▓▓▓▓▓▓▓▓▓▓

You could see an ice beast and a friendly iron imp.

Vanquished Creatures
  A two-headed ogre (D)
  A wight (D)
  A howler monkey (D)
  A worker ant (D)
  An ooze (D)
  An adder zombie (D)
  An adder skeleton (D)
  2 bats (D)
  A bat skeleton (D)
  3 kobolds (D)
13 creatures vanquished.

Notes
Turn   | Place    | Note
-------+----------+-------------------------------------------
     0 | D        | Roshambo the Demonspawn Berserker began the quest for the Orb.
     0 | D        | Reached XP level 1. HP: 18/18 MP: 1/1
     8 | D        | Reached skill level 3 in Maces & Flails
    18 | D        | Reached ** piety under Trog
    25 | D        | Reached skill level 4 in Maces & Flails
   163 | D        | Noticed a worker ant
   166 | D        | Gained mutation: A weak demonic guardian rushes to your aid. [demonic ancestry]
   166 | D        | Reached XP level 2. HP: 24/24 MP: 2/2
   172 | D        | Reached *** piety under Trog
   172 | D        | Reached skill level 6 in Maces & Flails
   172 | D        | Reached XP level 3. HP: 29/29 MP: 3/3
   176 | D        | Received a gift from Trog
   216 | D        | Found a roughly hewn altar of Beogh.
   216 | D        | Found a snail-covered altar of Cheibriados.
   216 | D        | Found a shadowy altar of Dithmenos.
   216 | D        | Found a white marble altar of Elyvilon.
   216 | D        | Found a blossoming altar of Fedhas.
   216 | D        | Found an opulent altar of Gozag.
   217 | D        | Found a hazy altar of Hepliaklqana.
   218 | D        | Found a viscous altar of Jiyva.
   219 | D        | Found an ancient bone altar of Kikubaaqudgha.
   220 | D        | Found a corrupted altar of Lugonu.
   221 | D        | Found a burning altar of Makhleb.
   222 | D        | Found a sparkling altar of Nemelex Xobeh.
   223 | D        | Found an iron altar of Okawaru.
   224 | D        | Found a stormy altar of Qazlal.
   225 | D        | Found a sacrificial altar of Ru.
   226 | D        | Found a deep blue altar of Sif Muna.
   227 | D        | Found a bloodstained altar of Trog.
   228 | D        | Found a hide-covered altar of Uskayaw.
   229 | D        | Found a radiant altar of Vehumet.
   230 | D        | Found an ornate altar of the Wu Jian Council.
   231 | D        | Found a shimmering altar of Xom.
   232 | D        | Found a basalt altar of Yredelemnul.
   233 | D        | Found a glowing silver altar of Zin.
   234 | D        | Found a glowing golden altar of the Shining One.
   296 | D        | Noticed an ice beast
   296 | D        | Noticed a two-headed ogre
   304 | D        | Reached skill level 7 in Maces & Flails
   304 | D        | Gained mutation: When hurt, damage is shared between your health and your magic reserves. [demonic ancestry]
   304 | D        | Reached XP level 4. HP: 37/37 MP: 4/4
   306 | D        | Reached **** piety under Trog
   306 | D        | Reached skill level 5 in Fighting
   306 | D        | Reached skill level 8 in Maces & Flails
   310 | D        | HP: 1/58 [two-headed ogre/giant club (4)]
   312 | D        | Killed a two-headed ogre
   312 | D        | Reached skill level 11 in Maces & Flails
   312 | D        | Reached skill level 5 in Dodging
   312 | D        | Gained mutation: You have large cloven feet. [demonic ancestry]
   312 | D        | Reached XP level 5. HP: 2/52 MP: 1/5
   312 | D        | Gained mutation: You have sharp fingernails. [demonic ancestry]
   312 | D        | Reached XP level 6. HP: 2/59 MP: 1/6
   312 | D        | Reached XP level 7. HP: 2/64 MP: 1/7
   314 | D        | Killed from afar by an orc wizard

Vault maps used:
D:        linesprint

Skill      XL: |  1  2  3  4 |
---------------+-------------+-----
Maces & Flails | 4 6 7 11 | 11.5
Fighting       | 4 9 |  9.6
Armour         | 2 3 |  3.1
Dodging        | 2 5 |  5.5

Action                   |  1- 3 |  4- 6 |  7- 9 || total
-------------------------+-------+-------+-------++-------
Melee: Mace              |    29 |       |       ||    29
       Dire flail        |     6 |     8 |     1 ||    15
       Kick              |       |       |     1 ||     1
Invok: Berserk           |     3 |       |       ||     3
Armor: Animal skin       |    11 |       |       ||    11
       Ring mail         |       |       |     1 ||     1
Dodge: Dodged            |    15 |     1 |       ||    16
